 Dungeon Crawl Stone Soup version 0.20.0-10-g0535bb4 (console) character file.

349 removed the Ducker (level 6, -1/48 HPs)
             Began as a Merfolk Conjurer on June 3, 2017.
             Was a Follower of Uskayaw.
             Killed from afar by Natasha (2 damage)
             ... with a magic dart
             ... on level 4 of the Dungeon.
             The game lasted 00:07:10 (4349 turns).

removed the Ducker (Merfolk Conjurer)               Turns: 4349, Time: 00:07:11

Health: -1/48      AC:  6    Str:  9    XL:     6   Next: 60%
Magic:  9/9        EV: 15    Int: 19    God:    Uskayaw [*.....]
Gold:   154        SH:  0    Dex: 16    Spells: 8/9 levels left

rFire    . . .     SeeInvis .   a - +1 dagger (venom)
rCold    . . .     Gourm    .   (no shield)
rNeg     . . .     Faith    .   D - +1 leather armour {MR+}
rPois    .         Spirit   .   (no helmet)
rElec    .         Reflect  .   q - +0 cloak
rCorr    .         Harm     .   I - +0 pair of gloves
MR       +....                  (no boots)
Stlth    ++........             (no amulet)
Regen    0.2/turn               (no ring)
MPRegen  0.2/turn               (no ring)

@: brilliant
A: change form in water, swift swim, stealthy swim
a: Stomp, Renounce Religion


You were on level 4 of the Dungeon.
You worshipped Uskayaw.
Uskayaw was noncommittal.
You were not hungry.

You visited 1 branch of the dungeon, and saw 4 of its levels.

You collected 154 gold pieces.

Inventory:

Hand Weapons
 a - a +1 dagger of venom (weapon)
 b - a +0 blowgun
 h - a +0 short sword
 E - a +1 short sword of holy wrath
 K - a +0 great sword
 L - a +0 spear
Missiles
 z - 9 poisoned needles
 G - 7 needles of confusion
Armour
 e - a +3 chain mail
 k - +0 shadow dragon scales
 q - a +0 cloak (worn)
 y - a +0 robe
 D - a +1 leather armour of magic resistance (worn)
 I - a +0 pair of gloves (worn)
Scrolls
 i - a scroll of enchant weapon {unknown}
 m - 2 scrolls of teleportation {unknown}
 o - a scroll of enchant armour {unknown}
 u - 4 scrolls of identify {unknown}
 v - a scroll of random uselessness {unknown}
 w - a scroll of fear {unknown}
 B - 2 scrolls of remove curse {unknown}
 J - 2 scrolls of blinking {unknown}
Potions
 f - 2 potions of brilliance
 j - 2 potions of curing
 l - 2 potions of magic {unknown}
 n - a potion of flight {unknown}
 r - a potion of lignification {unknown}
 t - a potion of mutation {unknown}
 A - a potion of berserk rage {unknown}
Books
 x - a book of Conjurations

   Spells                             Type                      Level
   a - Magic Dart                     Conjuration                  1
   b - Searing Ray                    Conjuration                  2
   c - Dazzling Spray                 Conjuration/Hexes            3
   d - Fulminant Prism                Conjuration/Hexes            4
   e - Force Lance                    Conjuration/Translocation    4
   f - Iskenderun's Mystic Blast      Conjuration                  4
Comestibles
 c - 4 bread rations
 p - 3 fruits
 C - a royal jelly
 M - 2 chunks of flesh


   Skills:
 - Level 4.0 Fighting
 + Level 4.3 Polearms
 - Level 5.9 Dodging
 - Level 2.1 Stealth
 - Level 2.0 Spellcasting
 - Level 3.2 Conjurations


You had 8 spell levels left.
You knew the following spells:

 Your Spells              Type           Power        Failure   Level  Hunger
a - Magic Dart            Conj           ####         1%          1    #......


Dungeon Overview and Level Annotations

Branches:
Dungeon (4/15)
 Temple: D:4-7

Altars:
Cheibriados
Makhleb
Uskayaw

Annotations:
D:4 Natasha


Message History

You hit Natasha but do no damage.
Natasha is poisoned.
Natasha claws you!
* * * LOW HITPOINT WARNING * * *
You hit Natasha but do no damage.
Natasha looks as sick as possible!
Natasha closely misses you.
You closely miss Natasha.
Natasha is moderately wounded.
Natasha claws you.
* * * LOW HITPOINT WARNING * * *
You closely miss Natasha.
Natasha is moderately wounded.
Natasha claws you but does no damage.
You barely miss Natasha.
Natasha is heavily wounded.
Natasha claws you.
* * * LOW HITPOINT WARNING * * *
It was a potion of brilliance.
You feel clever all of a sudden.
Natasha stares at you and mumbles some strange words.
The magic dart hits you!
You die...

#### #####
##...##...##
##..........##
#............#
#............#
#............#
#....†.....# ###
##...#.h..#### #.#
#####@##....### #.##
#.#####h..# ##...
#........###..####..#.
#........# #.......##.
#..(.....# ##....#.#..
##.......# #...##....
##....[.# #.........
....##.# #....###(.
##.#.# <. #.##.# #(#


You could see Natasha.

Vanquished Creatures
  A scorpion (D:4)
  An orc priest (D:3)
  A hound (D:2)
  2 orc wizards (D:3)
  Jessica (D:2)
  Natasha (D:4)
  6 adders
  An ooze (D:1)
  3 worms
  3 dart slugs
  A leopard gecko (D:3)
  5 orcs
  3 bats
  5 giant cockroaches
  5 goblins
  11 hobgoblins
  10 kobolds
  A quokka (D:1)
  A frilled lizard (D:2)
  3 rats
65 creatures vanquished.

Notes
Turn   | Place    | Note
-------+----------+-------------------------------------------
     0 | D:1      | removed the Merfolk Conjurer began the quest for the Orb.
     0 | D:1      | Reached XP level 1. HP: 13/13 MP: 3/3
    30 | D:1      | Reached skill level 1 in Fighting
   303 | D:1      | Reached XP level 2. HP: 19/22 MP: 0/5
  1282 | D:2      | Reached XP level 3. HP: 28/29 MP: 0/6
  1601 | D:2      | Noticed Jessica
  1608 | D:2      | Killed Jessica
  1608 | D:2      | Reached XP level 4. HP: 34/37 MP: 1/7
  1702 | D:2      | Found a hide-covered altar of Uskayaw.
  1708 | D:2      | Became a worshipper of Uskayaw the Reveler
  1905 | D:3      | Reached * piety under Uskayaw
  2062 | D:3      | Reached skill level 3 in Dodging
  2643 | D:3      | Reached skill level 4 in Dodging
  2701 | D:3      | Found a snail-covered altar of Cheibriados.
  2706 | D:3      | Reached XP level 5. HP: 40/42 MP: 2/8
  2995 | D:3      | Reached skill level 5 in Dodging
  3805 | D:2      | Found a burning altar of Makhleb.
  3819 | D:2      | Reached XP level 6. HP: 36/48 MP: 7/9
  4318 | D:4      | Noticed Natasha
  4331 | D:4      | Killed Natasha
  4337 | D:4      | Noticed Natasha
  4348 | D:4      | HP: 1/48 [Natasha (2)]
  4349 | D:4      | Killed from afar by Natasha

Skill      XL: |  1  2  3  4  5  6 |
---------------+-------------------+-----
Fighting       | 1 3 4 |  4.0
Dodging        | 4 5 |  5.9
Polearms       | 2 4 |  4.3
Stealth        | |  2.1
Spellcasting   | |  2.0
Conjurations   | |  3.2

Action                   |  1- 3 |  4- 6 || total
-------------------------+-------+-------++-------
Melee: Unarmed           |    21 |       ||    21
       Short sword       |     9 |     8 ||    17
       Dagger            |       |   108 ||   108
 Fire: Blowgun           |       |    13 ||    13
 Cast: Magic Dart        |    46 |    60 ||   106
  Use: Potion            |       |     2 ||     2
 Stab: Sleeping          |       |     1 ||     1
  Eat: Chunk             |     3 |    10 ||    13
Armor: Robe              |     5 |    17 ||    22
       Leather armour    |       |    42 ||    42
Dodge: Dodged            |    23 |   122 ||   145
